 Dungeon Crawl Stone Soup version 0.19-a0-1908-g43c011f (webtiles) character file.

377026 Lochraine the Impaler (level 22, 0/181 HPs)
             Began as a Merfolk Gladiator on Oct 22, 2016.
             Was the Champion of Ashenzari.
             Succumbed to poison (poison gas)
             ... on level 5 of the Vaults.
             The game lasted 05:31:43 (44160 turns).

Lochraine the Impaler (Merfolk Gladiator)          Turns: 44160, Time: 05:31:44

Health: 0/181      AC:  0    Str: 20    XL:     22   Next: 42%
Magic:  37/40      EV: 34    Int: 11    God:    Ashenzari [******]
Gold:   1094       SH:  4    Dex: 20    Spells: 11 memorised, 4 levels left

rFire  + . .     SeeInvis +     (weapon currently unavailable)
rCold  + + .     Gourm    .     (armour currently unavailable)
rNeg   . . .     Faith    .     (shield currently unavailable)
rPois  +         Spirit   .     (helmet currently unavailable)
rElec  +         Reflect  +     (cloak currently unavailable)
rCorr  +         Harm     .     (gloves currently unavailable)
MR     +....     Clarity  +     (boots currently unavailable)
Stlth  +++++.....               X - amulet "Reotiam" {Reflect rC+ Str+4 SH+4} (curse)
                                (ring currently unavailable)
                                (ring currently unavailable)

@: lethally poisoned (0 -> -4), pig-form, resistant, very slightly contaminated,
regenerating, deflect missiles, invisible, very quick
A: (change form in water), (swift swim), (stealthy swim)
a: Curse Item, Scrying, Transfer Knowledge, Renounce Religion
}: 3/15 runes: serpentine, barnacled, silver


You were on level 5 of the Vaults.
You worshipped Ashenzari.
Ashenzari was exalted by your worship.
You were not hungry.
You were a filthy swine.
You visited 7 branches of the dungeon, and saw 37 of its levels.
You visited 1 bazaar.
You also visited: Labyrinth and Sewer.

You collected 3749 gold pieces.
You spent 2655 gold pieces at shops.

Inventory:

Hand Weapons
 S - a cursed +3 bardiche of freezing (melded)
Armour
 b - a cursed +2 hat (melded)
 g - a cursed +2 cloak of magic resistance (melded)
 n - the cursed +0 pair of gloves "Duamm" (melded) {Str+6 Int+4}
   (You found it on level 4 of the Lair of Beasts)

   It affects your strength (+6).
   It affects your intelligence (+4).
   It has a curse placed upon it.
 O - cursed quicksilver dragon scales (melded)
 P - the cursed +0 troll leather armour "Humuh" {rElec Regen+ Int-2 Dex+3 Stlth+}
   (You took it off a yaktaur captain on level 5 of the Vaults)

   It affects your intelligence (-2).
   It affects your dexterity (+3).
   It insulates you from electricity.
   It increases your rate of regeneration.
   It makes you more stealthy.
   It has a curse placed upon it.
 V - a cursed +2 pair of boots (melded)
Jewellery
 e - an uncursed ring of protection from cold
 h - a cursed ring of protection from cold (melded)
 B - an uncursed ring of protection from fire
 H - the cursed ring "Ydicof" (melded) {rF+ MR+}
   (You found it on level 15 of the Dungeon)

   [ring of protection from magic]

   It protects you from fire.
   It affects your resistance to hostile enchantments.
   It has a curse placed upon it.
 L - a +2 ring of protection
 X - the cursed amulet "Reotiam" (around neck) {Reflect rC+ Str+4 SH+4}
   (You bought it in a shop in a bazaar)

   [amulet of reflection]

   It shields you and reflects attacks.
   It affects your strength (+4).
   It protects you from cold.
   It affects your SH (+4).
   It has a curse placed upon it.
Wands
 c - a wand of teleportation (0/9)
 l - a wand of disintegration (10/24)
 o - a wand of polymorph (15/24)
 F - a wand of lightning (5/15)
 G - a wand of lightning (8/15)
 J - a wand of teleportation (2/9)
 M - a wand of polymorph (11/24)
Scrolls
 i - 2 scrolls of fear
 k - a scroll of holy word
 m - 5 scrolls of magic mapping
 p - 2 scrolls of blinking
 r - 12 scrolls of identify
 s - 15 scrolls of teleportation
 t - 2 scrolls of amnesia
 w - 2 scrolls of enchant armour
 x - 5 scrolls of fog
 T - 2 scrolls of summoning
 Y - 8 scrolls of remove curse
Potions
 q - 6 potions of flight
 y - a potion of cure mutation
 A - a potion of magic
 C - 6 potions of brilliance
Books
 a - a book of Conjurations

   Spells                             Type                      Level
   a - Magic Dart                     Conjuration                  1
   b - Searing Ray                    Conjuration                  2
   c - Dazzling Spray                 Conjuration/Hexes            3
   d - Fulminant Prism                Conjuration/Hexes            4
   e - Iskenderun's Mystic Blast      Conjuration                  4
   f - Iskenderun's Battlesphere      Conjuration/Charms           5
 d - the Catalogue of Spatial Creation
   (You found it on level 5 of the Lair of Beasts)

   Spells                             Type                      Level
   a - Teleport Other                 Translocation                3
   b - Summon Lightning Spire         Summoning/Air                4
   c - Summon Demon                   Summoning                    5
   d - Disjunction                    Translocation                8
 z - Dagaz's Reference Book on Hexes
   (You found it in a labyrinth)

   Spells                             Type                      Level
   a - Confusing Touch                Hexes                        1
   b - Dazzling Spray                 Conjuration/Hexes            3
   c - Spectral Weapon                Hexes/Charms                 3
   d - Confuse                        Hexes                        3
   e - Inner Flame                    Hexes/Fire                   3
   f - Discord                        Hexes                        8
 D - a book of Enchantments

   Spells                             Type                      Level
   a - Cause Fear                     Hexes                        4
   b - Yara's Violent Unravelling     Hexes/Transmutation          5
   c - Silence                        Hexes/Air                    5
   d - Deflect Missiles               Charms/Air                   6
   e - Discord                        Hexes                        8
 E - the Guide on Unholy Fire
   (You found it in a labyrinth)

   Spells                             Type                      Level
   a - Flame Tongue                   Conjuration/Fire             1
   b - Animate Skeleton               Necromancy                   1
   c - Throw Flame                    Conjuration/Fire             2
   d - Regeneration                   Charms/Necromancy            3
   e - Inner Flame                    Hexes/Fire                   3
   f - Excruciating Wounds            Charms/Necromancy            5
 Z - a book of Beasts

   Spells                             Type                      Level
   a - Summon Butterflies             Summoning                    1
   b - Call Canine Familiar           Summoning                    3
   c - Summon Ice Beast               Ice/Summoning                4
   d - Summon Mana Viper              Hexes/Summoning              5
   e - Summon Hydra                   Summoning                    7
Miscellaneous
 u - a sack of spiders
 Q - a lamp of fire
Comestibles
 f - 12 bread rations
 j - 22 meat rations
 v - 37 fruits
 I - a beef jerky
 K - 3 chunks of flesh
 R - 12 royal jellies


   Skills:
 - Level 17.0 Fighting
 - Level 19.3(24.1) Polearms
 - Level 2.0 Throwing
 - Level 11.8(16.0) Armour
 - Level 18.5(22.1) Dodging
 - Level 11.0 Stealth
 + Level 14.4 Spellcasting
 - Level 5.7(10.2) Hexes
 - Level 6.5(11.0) Charms
 - Level 12.7(16.8) Summonings
 - Level 5.9(10.4) Necromancy
 - Level 1.3(4.1) Translocations
 - Level 6.0(10.5) Air Magic
 - Level 8.1(12.5) Evocations


You had 4 spell levels left.
You knew the following spells:

 Your Spells              Type           Power        Failure   Level  Hunger
a - Summon Lightning Spi  Summ/Air       #####...     1%          4    ###....
b - Summon Butterflies    Summ           #####...     0%          1    None
c - Summon Mana Viper     Hex/Summ       #####...     1%          5    #####..
d - Summon Demon          Summ           #####.....   1%          5    #####..
e - Teleport Other        Tloc           ###.....     6%          3    None
f - Regeneration          Chrm/Necr      ####......   1%          3    None
g - Cause Fear            Hex            ####......   1%          4    ###....
h - Silence               Hex/Air        ####......   3%          5    #####..
i - Deflect Missiles      Chrm/Air       ####......   17%         6    ######.
j - Blink                 Tloc           N/A          2%          2    None
k - Summon Hydra          Summ           #####.....   10%         7    #######


Dungeon Overview and Level Annotations

Branches:
Dungeon (15/15)            Temple (1/1) D:4            Lair (6/6) D:10
 Shoals (4/4) Lair:4        Snake (4/4) Lair:2        Slime (0/5) Lair:6
    Orc (2/2) D:10            Elf (0/3) Orc:2        Vaults (5/5) D:14
  Crypt (0/3) Vaults:3     Depths (0/5) D:15

Altars:
Ashenzari
Cheibriados
Dithmenos
Elyvilon
Fedhas
Gozag
Hepliaklqana
Kikubaaqudgha
Makhleb
Nemelex Xobeh
Okawaru
Qazlal
Ru
Sif Muna
Trog
Uskayaw
Vehumet
Xom
Yredelemnul
Zin
The Shining One

Shops:
D:12 (   Orc:2 %?}*   Shoals:3 }[[   Snake:1 =}=   Vaults:1 (?*   Vaults:2 =
Vaults:4 *

Portals:
Trove: Vaults:4 (give 8 potions of agility)

Annotations:
D:8 exclusion: statue


Message History

Your cursed +2 cloak of magic resistance melds into your body.
Your cursed +2 hat melds into your body.
The cursed +0 pair of gloves "Duamm" {Str+6 Int+4} melds into your body.
Your cursed +2 pair of boots melds into your body.
Your cursed quicksilver dragon scales melds into your body.
Your cursed ring of protection from cold melds into your body.
The cursed ring "Ydicof" {rF+ MR+} melds into your body.
Your cursed +3 bardiche of freezing stops glowing.
You feel less resistant to hostile enchantments.
This wand has 15 charges left.
* * * LOW HITPOINT WARNING * * *
You feel very sick.
Evoke which item? (* to show all) (? for menu, Esc to quit)
You have no means to grasp a wand firmly enough.
* * * LOW HITPOINT WARNING * * *
You feel sick.
Blink to where?
Press: ? - help, Dir - move target cursor
As you read the scroll of blinking, it crumbles to dust.
You die...

######## ########## ##########
#################################
.................................
....)....((((.(..................
###############........##########
.(...........)..h........(.....(.
#.#.###.#.#.###)#....#..........#
#(#(..=.#.#.).).#....#..........#
#)#.###.#.#)###)#....#.)#####..(#
(/)...........(.#ยง...#..#...#.))#
###.#.#.###.#^#.#....#..'...#..)#
((((#|#.....#.#.#....#(.#...#.)..
###(#.#.###)#.#.#....#..#####.)..
............)...#....#..........#


There were no monsters in sight!

Vanquished Creatures
  Mara (Vaults:5)
  An ancient lich (Vaults:5)
  Margery (Vaults:3)
  Nikola (Vaults:3)
  2 tentacled monstrosities
  Jorgrun (Vaults:2)
  Rupert (D:14)
  3 titans (Vaults:5)
  A kraken (Shoals:4)
  A lich (Vaults:1)
  2 tengu reavers (Vaults:5)
  A sphinx (Vaults:5)
  Kirke (Lair:4)
  2 nagarajas (Snake:4)
  3 fire giants
  Ilsuiw (Shoals:4)
  3 deep elf sorcerers
  A frost giant (Vaults:5)
  14 vault wardens
  2 ghouls
  Aizul (Snake:3)
  17 ironheart preservers
  A very ugly thing (Vaults:5)
  2 war gargoyles
  7 stone giants
  4 entropy weavers
  A deep elf demonologist (Vaults:5)
  2 deep elf annihilators
  3 deep elf death magi
  2 fire dragons
  6 ettins
  4 merfolk javelineers
  5 merfolk impalers
  A deep elf high priest (Vaults:5)
  7 yaktaur captains
  3 great orbs of eyes
  Erolcha (Orc:2)
  24 vault guards
  6 ogre magi
  The ghost of Graouh the Carver, a journeyman MiFi of Okawaru (Orc:1)
  7 hydras
  A servant of whispers (Vaults:2)
  21 naga warriors
  3 ice dragons
  2 catoblepae (Lair:6)
  2 rakshasas
  11 centaur warriors
  10 anacondas
  3 merfolk avatars (Shoals:4)
  3 merfolk aquamancers
  A deep troll shaman (Vaults:5)
  A tengu warrior (D:14)
  A vampire mage (Vaults:3)
  2 satyrs (Shoals:4)
  3 deep troll earth magi
  A queen ant (Lair:3)
  12 death yaks
  14 naga sharpshooters
  3 orc high priests (Orc:2)
  Nergalle (D:10)
  Urug (D:14)
  7 shock serpents
  A shock serpent (shapeshifter) (Vaults:5)
  4 hell knights
  2 deep elf knights
  4 skeletal warriors
  An unseen horror (shapeshifter) (Vaults:1)
  5 salamander mystics
  5 glowing orange brains
  3 unseen horrors
  5 wizards
  14 deep trolls
  8 sea snakes
  24 harpies
  3 deep elf archers
  A phantasmal warrior (Vaults:4)
  9 naga ritualists
  7 ironbrand convokers
  A flayed ghost (Vaults:4)
  10 hill giants
  5 necromancers
  11 orc knights
  5 mana vipers
  3 orc sorcerers
  2 wolf spiders (Vaults:2)
  13 deep elf magi
  A cyclops (shapeshifter) (Vaults:5)
  14 ugly things
  3 cyclopes
  5 elephants
  4 salamanders
  5 fauns
  11 manticores
  14 sirens
  A frost giant skeleton (Vaults:5)
  Maurice (D:9)
  4 centaur zombies
  33 black mambas
  15 naga magi
  7 vault sentinels
  A water nymph (shapeshifter) (Vaults:2)
  2 torpor snails (Lair:6)
  2 water nymphs
  2 gargoyles
  7 guardian serpents
  4 spiny frogs
  3 rime drakes
  A yaktaur zombie (Vaults:5)
  8 freezing wraiths
  39 yaktaurs
  A yaktaur (shapeshifter) (D:14)
  A komodo dragon (Lair:4)
  A polar bear (shapeshifter) (Vaults:2)
  A troll (shapeshifter) (Vaults:2)
  8 trolls
  3 jumping spiders
  A meliai (D:14)
  A wind drake (shapeshifter) (Vaults:4)
  A queen bee (Lair:3)
  3 polar bears
  5 wind drakes
  21 merfolk
  16 two-headed ogres
  2 tyrant leeches (Lair:6)
  3 hornets
  2 saltlings (Vaults:2)
  6 dream sheep
  20 hippogriffs
  Grinder (D:5)
  15 blink frogs
  7 snapping turtles
  10 slime creatures
  A fire giant simulacrum (Vaults:2)
  A human simulacrum (Vaults:5)
  6 redbacks
  3 wyverns
  8 water elementals
  A tarantella (Vaults:2)
  A spriggan (shapeshifter) (Vaults:1)
  A vampire (D:14)
  37 yaks
  2 hogs (Lair:4)
  9 humans (D:14)
  A basilisk (shapeshifter) (Vaults:3)
  A hog (shapeshifter) (D:13)
  2 hungry ghosts
  3 basilisks
  2 vampire mosquitoes (D:15)
  2 mottled dragons
  3 wargs
  7 soldier ants
  9 porcupines
  38 nagas
  10 water moccasins
  2 hell hounds
  A swamp drake (D:10)
  3 black bears
  2 ice beasts
  An ice beast (shapeshifter) (Vaults:5)
  A sky beast (D:15)
  An eye of draining (shapeshifter) (Vaults:3)
  38 orc warriors
  2 phantoms
  4 necrophages
  9 wolves
  5 boggarts
  34 ogres
  25 centaurs
  A human skeleton (Vaults:5)
  7 crocodiles
  6 big kobolds
  16 bullfrogs
  A wyvern zombie (D:13)
  A water moccasin zombie (D:9)
  6 scorpions
  37 killer bees
  3 wights (D:15)
  3 howler monkeys
  2 electric eels (Lair:4)
  10 crimson imps
  2 jellies
  A bullfrog skeleton (D:9)
  8 hounds
  22 orc priests
  An iguana (D:6)
  3 centaur skeletons
  11 orc wizards
  23 worker ants
  A hound zombie (D:7)
  A hound skeleton (D:11)
  6 worker ant zombies
  7 adders
  2 howler monkey skeletons
  A river rat (Lair:6)
  3 shadow imps
  12 white imps (Lair:2)
  2 oozes
  An adder skeleton (D:4)
  An adder zombie (D:4)
  6 leopard geckos
  76 orcs
  4 bats
  8 giant cockroaches
  9 goblins
  6 hobgoblins
  8 jackals
  23 kobolds
  5 quokkas
  3 ball pythons
  3 frilled lizards
  2 leopard gecko skeletons
  A quokka zombie (D:5)
  7 rats
  2 crawling corpses (Vaults:5)
1353 creatures vanquished.

Vanquished Creatures (collateral kills)
  An ancient lich (Vaults:5)
  Xtahua (Vaults:5)
  A shadow dragon (Vaults:5)
  A kraken (Shoals:2)
  3 nagarajas (Snake:4)
  A fire giant (Vaults:5)
  An orc warlord (Orc:2)
  4 vault wardens
  3 ironheart preservers
  A deep elf annihilator (Vaults:5)
  A minotaur (Lab)
  An ettin (Orc:1)
  A deep elf high priest (Vaults:5)
  3 merfolk impalers
  2 naga warriors (Snake:3)
  2 vault guards
  A merfolk avatar (Shoals:4)
  4 ogre magi
  3 anacondas
  A tengu warrior (D:14)
  3 death yaks
  A death knight (Vaults:1)
  4 shock serpents
  10 naga sharpshooters
  2 orc high priests (Orc:2)
  A deep elf knight (Vaults:4)
  4 deep trolls
  A skeletal warrior (Vaults:2)
  A wizard (D:15)
  4 naga ritualists
  A hill giant (D:14)
  A deep elf archer (Vaults:4)
  3 ironbrand convokers
  3 mana vipers
  2 harpies
  A lindwurm (Lair:6)
  7 orc knights
  A deep elf mage (Vaults:4)
  2 wolf spiders
  8 fauns
  A manticore (Shoals:1)
  A centaur zombie (D:14)
  8 black mambas
  A siren (Shoals:3)
  7 naga magi
  4 vault sentinels
  2 water nymphs
  6 elephants
  A centaur skeleton (D:14)
  4 guardian serpents
  A spiny frog (Lair:6)
  An elf skeleton (Vaults:5)
  4 yaktaurs
  2 trolls
  10 merfolk
  4 two-headed ogres (Vaults:4)
  A slime creature (D:14)
  A jumping spider (shapeshifter) (Vaults:5)
  2 dream sheep
  A hog (Lair:4)
  7 humans (D:14)
  A water elemental (Shoals:4)
  A yak (Lair:6)
  A warg (Orc:2)
  29 nagas
  A water moccasin (Lair:6)
  A swamp worm (Lair:6)
  11 orc warriors
  A boggart (Vaults:1)
  A centaur (Vaults:4)
  9 ogres
  A bullfrog (D:14)
  2 crimson imps
  13 orc priests
  4 orc wizards (Orc:2)
  A worker ant (D:14)
  33 orcs
  A tentacle (Shoals:4)
276 creatures vanquished.

Vanquished Creatures (others)
  2 yaktaur captains
  2 slime creatures (Vaults:3)
  A human (Lair:4)
  A naga (Snake:4)
  A howler monkey (D:10)
  An orc (Orc:2)
  7 fungi
  12 plants
  7 tentacles
34 creatures vanquished.

Grand Total: 1663 creatures vanquished

Notes
Turn   | Place    | Note
-------+----------+-------------------------------------------
     0 | D:1      | Lochraine the Merfolk Gladiator began the quest for the Orb.
     0 | D:1      | Reached XP level 1. HP: 16/16 MP: 1/1
   239 | D:1      | Reached XP level 2. HP: 22/23 MP: 2/2
   352 | D:1      | Reached skill level 5 in Polearms
   513 | D:1      | Reached XP level 3. HP: 28/28 MP: 3/3
   991 | D:2      | Found a sparkling altar of Nemelex Xobeh.
  1854 | D:3      | Reached skill level 6 in Polearms
  1854 | D:3      | Reached XP level 4. HP: 35/35 MP: 4/4
  1909 | D:3      | Noticed a hippogriff
  2619 | D:4      | Found a staircase to the Ecumenical Temple.
  2631 | Temple   | Entered the Ecumenical Temple
  2753 | Temple   | Became a worshipper of Ashenzari the Shackled
  2811 | D:4      | Reached XP level 5. HP: 41/41 MP: 5/5
  2964 | D:5      | Entered Level 5 of the Dungeon
  2989 | D:5      | Reached skill level 7 in Polearms
  2999 | D:5      | Reached skill level 5 in Dodging
  3155 | D:5      | Found a white marble altar of Elyvilon.
  3199 | D:5      | Reached XP level 6. HP: 38/48 MP: 6/6
  3207 | D:5      | Noticed Grinder
  3254 | D:5      | Killed Grinder
  3254 | D:5      | Reached skill level 8 in Polearms
  3254 | D:5      | Reached XP level 7. HP: 34/55 MP: 7/7
  3517 | D:5      | Found a shadowy altar of Dithmenos.
  3729 | D:6      | Found an iron altar of Okawaru.
  3764 | D:6      | Found a hide-covered altar of Uskayaw.
  3784 | D:6      | Reached skill level 9 in Polearms
  4084 | D:6      | Found a bloodstained altar of Trog.
  4095 | D:6      | Found an ancient bone altar of Kikubaaqudgha.
  4366 | D:6      | Found a glowing drain.
  4388 | Sewer    | Entered a sewer
  4431 | Sewer    | Reached * piety under Ashenzari
  4515 | Sewer    | Found a white marble altar of Elyvilon.
  4945 | D:7      | Reached skill level 5 in Fighting
  5057 | D:7      | Found a shadowy altar of Dithmenos.
  5076 | D:7      | Reached skill level 10 in Polearms
  5076 | D:7      | Reached XP level 8. HP: 53/62 MP: 8/8
  5107 | D:7      | Reached skill level 1 in Armour
  5107 | D:7      | Reached skill level 1 in Stealth
  5709 | D:7      | Noticed a hippogriff
  5710 | D:7      | Noticed a hippogriff
  5730 | D:7      | Killed a hippogriff
  5735 | D:7      | Killed a hippogriff
  5735 | D:7      | Reached skill level 5 in Stealth
  5735 | D:7      | Reached XP level 9. HP: 32/68 MP: 9/9
  6311 | D:8      | Reached skill level 10 in Dodging
  6324 | D:8      | Found a shadowy altar of Dithmenos.
  6360 | D:8      | Got the uncursed chain mail of Supple Strength {Int+3}
  6371 | D:8      | Identified the +1 chain mail of Supple Strength {Int+3} (You found it on level 8 of the Dungeon)
  6377 | D:8      | Noticed a hornet
  6379 | D:8      | Paralysed by a hornet for 3 turns
  6400 | D:8      | Killed a hornet
  6667 | D:8      | Found a radiant altar of Vehumet.
  7287 | D:8      | Noticed a two-headed ogre
  7465 | D:8      | Noticed a hornet
  7470 | D:8      | Paralysed by a hornet for 1 turns
  7490 | D:8      | Killed a hornet
  7867 | D:8      | Reached XP level 10. HP: 58/74 MP: 10/10
  8180 | D:9      | Gained mutation: You have a pair of small horns on your head. [potion of beneficial mutation]
  8203 | D:8      | Identified the cursed +1 hunting sling "Vauvoqy" {flame, Str-4 Dex+4 SInv}
  8365 | D:9      | Reached skill level 1 in Spellcasting
  8455 | D:9      | Noticed Maurice
  8488 | D:9      | Killed Maurice
  8953 | D:9      | Found a snail-covered altar of Cheibriados.
  9023 | D:10     | Entered Level 10 of the Dungeon
  9023 | D:10     | Noticed a hill giant
  9029 | D:10     | Killed a hill giant
  9029 | D:10     | Reached skill level 5 in Spellcasting
  9074 | D:9      | Reached skill level 1 in Evocations
  9217 | D:10     | Found a staircase to the Lair.
  9334 | D:10     | Noticed Nergalle
  9350 | D:10     | Killed Nergalle
  9449 | D:10     | Reached XP level 11. HP: 58/84 MP: 19/19
  9500 | D:10     | Reached skill level 5 in Evocations
  9649 | D:10     | Noticed a two-headed hydra
  9681 | D:10     | Killed a two-headed hydra
  9773 | D:10     | Reached ** piety under Ashenzari
  9855 | D:10     | Identified the +2 animal skin of the Desert {Regen+} (You took it off an orc on level 10 of the Dungeon)
  9863 | D:10     | Found a staircase to the Orcish Mines.
 10243 | D:11     | Killed an unseen horror
 10266 | D:11     | Noticed a green ugly thing
 10283 | D:11     | Killed a green ugly thing
 10384 | D:11     | Found a shimmering altar of Xom.
 10385 | D:11     | Noticed a hill giant
 10405 | D:11     | Killed a hill giant
 10409 | D:11     | Found a shimmering altar of Xom.
 10409 | D:11     | Found a shimmering altar of Xom.
 10409 | D:11     | Found a shimmering altar of Xom.
 10437 | D:11     | Found a shimmering altar of Xom.
 10488 | D:11     | Noticed a green ugly thing
 10501 | D:11     | Killed a green ugly thing
 10755 | D:11     | Noticed an emperor scorpion
 10838 | Lair:1   | Entered Level 1 of the Lair of Beasts
 11001 | Lair:1   | Identified a scroll of acquirement
 11054 | Lair:1   | Reached XP level 12. HP: 82/93 MP: 20/20
 11119 | Lair:1   | Found a dark tunnel.
 11337 | Lair:1   | Reached skill level 10 in Fighting
 11936 | Lair:2   | Found a frozen archway.
 12124 | Lair:2   | Reached skill level 11 in Polearms
 12243 | Lair:2   | Reached skill level 12 in Polearms
 12276 | Lair:2   | Found a staircase to the Snake Pit.
 12957 | Lair:3   | Noticed a death yak
 12959 | Lair:3   | Noticed a death yak
 12963 | Lair:3   | Noticed a death yak
 13118 | Lair:3   | Noticed a four-headed hydra
 13155 | Lair:3   | Killed a four-headed hydra
 13161 | Lair:3   | Noticed a five-headed hydra
 13176 | Lair:3   | Killed a five-headed hydra
 13196 | Lair:3   | Learned a level 4 spell: Summon Lightning Spire
 13225 | Lair:3   | Reached *** piety under Ashenzari
 13397 | Lair:3   | Reached skill level 10 in Stealth
 13401 | Lair:3   | Reached skill level 1 in Summonings
 13403 | Lair:3   | Reached skill level 1 in Air Magic
 13403 | Lair:3   | Reached XP level 13. HP: 103/104 MP: 21/21
 14365 | Lair:3   | Learned a level 1 spell: Summon Butterflies
 14965 | Lair:4   | Reached **** piety under Ashenzari
 15178 | Lair:3   | Reached skill level 5 in Summonings
 15218 | Lair:4   | Noticed Kirke
 15266 | Lair:4   | Killed Kirke
 15301 | Lair:4   | Found a staircase to the Shoals.
 15397 | Lair:4   | Got the cursed pair of gloves "Duamm" {Str+6 Int+4}
 15404 | Lair:4   | Identified the cursed +0 pair of gloves "Duamm" {Str+6 Int+4} (You found it on level 4 of the Lair of Beasts)
 15410 | Lair:4   | Learned a level 5 spell: Summon Mana Viper
 15688 | Lair:4   | Reached skill level 1 in Hexes
 15922 | Lair:5   | Identified the +9 dagger of Maajak {elec, rPois}
 16145 | Lair:5   | Reached ***** piety under Ashenzari
 16409 | Lair:5   | Reached XP level 14. HP: 101/111 MP: 23/23
 16459 | Lair:5   | Found a runed door.
 16623 | Lair:5   | Identified the Catalogue of Spatial Creation
 16631 | Lair:5   | Learned a level 5 spell: Summon Demon
 16725 | Lair:6   | Entered Level 6 of the Lair of Beasts
 16747 | Lair:6   | Found a labyrinth entrance.
 16772 | Lair:6   | Found a staircase to the Slime Pits.
 16787 | Lab      | Entered a labyrinth
 16833 | Lab      | Identified Dagaz's Reference Book on Hexes
 16836 | Lab      | Identified the Guide on Unholy Fire
 16942 | Lair:6   | Found a hazy altar of Hepliaklqana.
 17433 | Lair:6   | Reached skill level 5 in Hexes
 18080 | Orc:1    | Entered Level 1 of the Orcish Mines
 18085 | Orc:1    | Learned a level 3 spell: Teleport Other
 18178 | Orc:2    | Entered Level 2 of the Orcish Mines
 18309 | Orc:1    | Reached skill level 1 in Translocations
 18457 | Orc:2    | Found a staircase to the Elven Halls.
 18684 | Orc:2    | Noticed Erolcha
 18690 | Orc:2    | Killed Erolcha
 19155 | Orc:2    | Reached skill level 13 in Polearms
 19363 | Orc:2    | Noticed an orc warlord
 19371 | Orc:2    | Killed an orc warlord
 19431 | Orc:1    | Noticed Graouh's ghost (journeyman MiFi)
 19438 | Orc:1    | Killed Graouh's ghost
 19721 | Orc:1    | Reached XP level 15. HP: 119/119 MP: 26/26
 19922 | Orc:2    | Reached skill level 14 in Polearms
 20051 | Orc:2    | Found Vierr's Food Shop.
 20052 | Orc:2    | Found Eduitil's Gadget Shop.
 20052 | Orc:2    | Found Beesunal's Magic Scroll Boutique.
 20053 | Orc:2    | Found Woytwoenn's General Store.
 20059 | Orc:2    | Bought a scroll of remove curse for 51 gold pieces
 20059 | Orc:2    | Bought a scroll of remove curse for 51 gold pieces
 20066 | Orc:2    | Bought a wand of teleportation (7/9) for 462 gold pieces
 20075 | Orc:2    | Bought a scroll of enchant weapon for 105 gold pieces
 20075 | Orc:2    | Bought a scroll of magic mapping for 49 gold pieces
 20075 | Orc:2    | Bought a scroll of blinking for 105 gold pieces
 20441 | D:12     | Found Rediomui's Weapon Shoppe.
 20756 | D:12     | Reached ****** piety under Ashenzari
 21087 | D:13     | Reached skill level 15 in Polearms
 21114 | D:13     | Identified the +0 rapier of Terror {holy, *Drain rElec MR+ Int+4 SInv}
 21457 | D:13     | Reached skill level 16 in Polearms
 21771 | D:14     | Found a gate to the Vaults.
 21772 | D:14     | Noticed Urug
 21802 | D:14     | Killed Urug
 21809 | D:14     | Reached skill level 17 in Polearms
 22241 | D:14     | Noticed Rupert
 22254 | D:14     | Killed Rupert
 22923 | D:15     | Entered Level 15 of the Dungeon
 23159 | D:15     | Found a staircase to the Depths.
 23235 | D:15     | Reached XP level 16. HP: 111/132 MP: 17/27
 23438 | D:15     | Found a radiant altar of Vehumet.
 23848 | D:15     | Identified the ring "Ydicof" {rF+ MR+}
 23860 | D:15     | Learned a level 3 spell: Regeneration
 24021 | Shoals:1 | Entered Level 1 of the Shoals
 24132 | Shoals:1 | Reached skill level 1 in Charms
 24186 | Shoals:1 | Reached skill level 1 in Necromancy
 24825 | Shoals:2 | Learned a level 4 spell: Cause Fear
 25081 | Shoals:2 | Noticed a kraken
 25097 | Shoals:2 | Killed a kraken
 25553 | Shoals:3 | Found Xoly's Antique Armour Shoppe.
 25579 | Shoals:3 | Found a flickering gateway to a bazaar.
 25588 | Bazaar   | Entered a bazaar
 25588 | Bazaar   | Found Moskuisch's Jewellery Shop.
 25599 | Bazaar   | Found Yczeomno's Magic Scroll Emporium.
 25607 | Bazaar   | Bought a scroll of remove curse for 39 gold pieces
 25607 | Bazaar   | Bought a scroll of remove curse for 39 gold pieces
 25608 | Bazaar   | Found Jakh's Gadget Boutique.
 25641 | Bazaar   | Found Uchy's Assorted Antiques.
 25649 | Bazaar   | Bought a scroll of remove curse for 54 gold pieces
 25649 | Bazaar   | Bought 3 scrolls of remove curse for 162 gold pieces
 25649 | Bazaar   | Bought a jewelled chain mail for 171 gold pieces
 25649 | Bazaar   | Identified the cursed +0 chain mail of the Orb {Stlth+} (You bought it in a shop in a bazaar)
 25664 | Bazaar   | Bought the amulet "Reotiam" {Reflect rC+ Str+4 SH+4} for 663 gold pieces
 26168 | Shoals:3 | Found Dontuh's Antique Armour Boutique.
 26207 | Shoals:3 | Reached skill level 10 in Summonings
 26445 | Shoals:3 | Reached skill level 15 in Dodging
 26587 | Shoals:3 | Found Gepsith's Gadget Emporium.
 26595 | Shoals:3 | Bought a wand of teleportation (3/9) for 210 gold pieces
 26751 | Shoals:3 | Learned a level 5 spell: Silence
 26752 | Shoals:4 | Entered Level 4 of the Shoals
 27291 | Shoals:4 | Identified the cursed +1 scale mail of the Flute {rF- MR- Dex+6 Stlth+}
 27301 | Shoals:4 | Reached XP level 17. HP: 139/139 MP: 25/28
 27386 | Shoals:4 | Noticed Ilsuiw
 27416 | Shoals:4 | Killed Ilsuiw
 27938 | Shoals:4 | Noticed a kraken
 28348 | Shoals:4 | Killed a kraken
 28357 | Shoals:4 | Got a barnacled rune of Zot
 28724 | Snake:1  | Entered Level 1 of the Snake Pit
 29100 | Snake:1  | Found Faxty's Jewellery Shoppe.
 29102 | Snake:1  | Found Nimuipla's Gadget Boutique.
 29103 | Snake:1  | Found Ehuda's Jewellery Shoppe.
 30795 | Snake:2  | Reached skill level 10 in Spellcasting
 31979 | Snake:3  | Noticed Aizul
 31997 | Snake:3  | Killed Aizul
 32629 | Snake:3  | Reached XP level 18. HP: 126/146 MP: 18/32
 32695 | Snake:3  | Reached skill level 18 in Polearms
 33029 | Snake:3  | Learned a level 6 spell: Deflect Missiles
 33451 | Snake:4  | Entered Level 4 of the Snake Pit
 33498 | Snake:4  | Lost mutation: You have a pair of small horns on your head. [potion of cure mutation]
 33594 | Snake:4  | Reached skill level 5 in Air Magic
 33626 | Snake:4  | Reached skill level 5 in Charms
 35052 | Snake:4  | Reached skill level 19 in Polearms
 35559 | Snake:4  | Got a serpentine rune of Zot
 36129 | Vaults:1 | Entered Level 1 of the Vaults
 36144 | Vaults:1 | Reached XP level 19. HP: 136/152 MP: 33/33
 36376 | Vaults:1 | Reached skill level 5 in Necromancy
 36537 | Vaults:1 | Found Daamytw Nues's General Store.
 36545 | Vaults:1 | Bought a scroll of teleportation for 57 gold pieces
 36609 | Vaults:1 | Reached skill level 5 in Armour
 37108 | Vaults:1 | Found Vaden's Magic Scroll Boutique.
 37111 | Vaults:1 | Bought a scroll of magic mapping for 70 gold pieces
 37111 | Vaults:1 | Bought a scroll of teleportation for 60 gold pieces
 37123 | Vaults:1 | Found Umill's Antique Weapon Emporium.
 37348 | Vaults:1 | Noticed a tentacled monstrosity
 37397 | Vaults:1 | Killed a tentacled monstrosity
 37733 | Vaults:2 | Found a ruined gateway.
 37986 | Vaults:2 | Found Cuvev's Jewellery Shoppe.
 38039 | Vaults:2 | Noticed Jorgrun
 38047 | Vaults:2 | Killed Jorgrun
 38587 | Vaults:2 | Reached XP level 20. HP: 126/159 MP: 30/34
 38982 | Vaults:3 | Reached skill level 10 in Armour
 39228 | Vaults:3 | Learned a level 2 spell: Blink
 39334 | Vaults:3 | Noticed Nikola
 39344 | Vaults:3 | Killed Nikola
 39542 | Vaults:3 | Identified the +2 ring mail of Kikubaaqudgha {rPois Int+3 Dex+4 Stlth+}
 39555 | Vaults:3 | Noticed Margery
 39591 | Vaults:3 | Killed Margery
 40250 | Vaults:3 | Found a staircase to the Crypt.
 40695 | Vaults:4 | Found a portal to a secret trove of treasure.
 40935 | Vaults:4 | Reached skill level 15 in Fighting
 41252 | Vaults:4 | Reached XP level 21. HP: 133/169 MP: 35/35
 41376 | Vaults:4 | Found Gaopn's Assorted Antiques.
 41384 | Vaults:4 | Bought a scroll of blinking for 307 gold pieces
 41518 | Vaults:4 | Identified the +7 halberd "Beastbane" {freeze, +Fly rC- rN++ Str+3} (You took it off an ironheart preserver on level 4 of the Vaults)
 42015 | Vaults:5 | Entered Level 5 of the Vaults
 43133 | Vaults:5 | Noticed an ancient lich
 43153 | Vaults:5 | Killed an ancient lich
 43176 | Vaults:5 | Identified the cursed +0 troll leather armour "Humuh" {rElec Regen+ Int-2 Dex+3 Stlth+} (You took it off a yaktaur captain on level 5 of the Vaults)
 43253 | Vaults:5 | Noticed Mara
 43270 | Vaults:5 | Noticed Lochraine's illusion
 43292 | Vaults:5 | Killed Mara
 43436 | Vaults:5 | Identified the Guide on Enthralling Intoxication
 43478 | Vaults:5 | Reached XP level 22. HP: 174/181 MP: 25/38
 43754 | Vaults:5 | Learned a level 7 spell: Summon Hydra
 43755 | Vaults:5 | Noticed an ancient lich
 43764 | Vaults:5 | Killed an ancient lich
 43809 | Vaults:5 | Got a silver rune of Zot
 43844 | Vaults:5 | Noticed Xtahua
 43851 | Vaults:5 | Identified the ring "Qazicu Ykhla" {rCorr rC+ Dex+4} (You took it off a vault warden on level 5 of the Vaults)
 43862 | Vaults:5 | Killed Xtahua
 44154 | Vaults:5 | HP: 8/181 [poison (poison gas)]
 44157 | Vaults:5 | HP: 3/181 [poison (poison gas)]
 44160 | Vaults:5 | Succumbed to poison (poison gas)

Vault maps used:
D:1:      co_arrival_hexagon_in_a_hexagon
D:2:      nemelex_xobeh_ov_fountains_minmay, st_stairs_10
D:3:      first_bread
D:5:      elyvilon_altar_4, basic_altar, hex_medium, uniq_grinder
D:6:      eat_drink_and_be_merry_uskayaw, okawaru_trees_2,
          chequers_temple_overflow_statue_of_worship, portal_sewer_entry_f
D:7:      basic_altar
D:8:      vehumet_statue, overflow_temple_1_default
D:9:      cheibriados_altar_wand_db, uniq_maurice
D:10:     minmay_lair_entry_lava, erik_orc_1, hangedman_ranch, uniq_nergalle
D:11:     xom_shifter_show
D:12:     serial_shops, shop
D:13:     minivault_20
D:14:     david_vaults_3, minivault_19, uniq_rupert
D:15:     grunt_enter_depths_magical_seal, basic_altar, serial_park_tiny_1
Temple:   minmay_temple_bridge_abc
Lair:1:   nicolae_volcano_entry_lava_flow, serial_bayou_lagoon_a
Lair:2:   dummy_snake_entry, portal_ice_cave_entry_imps, lemuel_fruit_fields,
          grunt_megastairs_5, infiniplex_staircase_pool_2
Lair:3:   special_room, minivault_25, minivault_24, zaba_antful_of_joy
Lair:4:   minmay_shoals_entry_centaurs, serial_bayou_lake_a, grunt_megastairs_2,
          uniq_kirke
Lair:5:   pf_torpor_hydra
Lair:6:   hangedman_lair_in_review, minmay_slime_entry_oklob_open, basic_altar,
          lab_entry_generic
Shoals:3: serial_shops, bzr_entry_customers, shop, shop, shop
Shoals:4: shoals_end_hangedman, shoals_ilsuiw_alternative
Snake:1:  lemuel_fruit_tree, serial_bayou_shore_b, minmay_shop_grove
Snake:3:  grunt_ministairs_15, spider_trap, serial_bayou_shore_b, uniq_aizul
Snake:4:  johnstein_snake_rune_scales, st_stairs_14
Orc:2:    st_orc_pillars, uniq_erolcha
Vaults:1: v_pattern_5, v_misc_14, nicolae_vaults_shelves_hall, v_misc_2,
          hangedman_vaults_pinch, ontoclasm_vaults_shout, nicolae_vaults_big_ls,
          v_misc_30, v_misc_27, ontoclasm_vaults_pinch, serial_shops,
          nicolae_shop_trees, shop, shop_statue
Vaults:2: nicolae_vaults_twisting_passages, hangedman_vaults_slice,
          grunt_vaults_hallway_long, v_misc_12, hangedman_vaults_variations,
          hangedman_vaults_trim, v_rooms_2, vaults_mumra_chevron_long,
          nicolae_vaults_hallways_thing, nicolae_vaults_little_squares_1,
          v_misc_22, portal_desolation_entry_salt, serial_shops, shop,
          uniq_jorgrun
Vaults:3: grunt_vaults_trifunnel, nicolae_vaults_circle_grid_b,
          ontoclasm_vaults_decontamination, nicolae_vaults_quadrants, v_misc_16,
          nicolae_vaults_three_branches, grunt_vaults_hallway_long,
          minmay_crypt_entry_simple_round, uniq_nikola, uniq_margery
Vaults:4: hangedman_vaults_nodes, v_misc_3, vaults_room_grid,
          hangedman_vaults_locks, v_alt_pattern_1, v_alt_pattern_3, v_misc_19,
          hangedman_vaults_corner, hangedman_vaults_capsules, v_misc_9,
          vaults_room_pools, nicolae_trove_entry_crossroad, serial_shops,
          nicolae_shop_overgrown_old_shop
Vaults:5: uniq_mara, uniq_xtahua
Lab:      nicolae_lab_dead_adventurers, nicolae_lab_x
Bazaar:   bazaar_kb_twisted_cavern
Sewer:    sewer_kobolds

Skill      XL: |  1  2  3  4  5  6  7  8  9 10 11 12 13 14 15 16 17 18 19 20 21 22 |
---------------+-------------------------------------------------------------------+-----
Polearms       | 5 6 7 8 10 12 13 17 19 | 19.3
Fighting       | 3 4 5 7 8 10 11 13 14 15 17 | 17.0
Dodging        | 5 6 9 10 13 15 16 17 18 | 18.5
Armour         | 1 4 9 11 | 11.8
Stealth        | 5 7 10 11 | 11.0
Spellcasting   | 5 6 7 10 12 14 | 14.4
Evocations     | 4 8 |  8.1
Summonings     | 1 6 9 10 11 12 | 12.7
Air Magic      | 1 4 6 |  6.0
Hexes          | 3 5 |  5.7
Translocations | 1 |  1.3
Charms         | 4 6 |  6.5
Necromancy     | 2 4 5 |  5.9
Throwing       | |  2.0

Action                   |  1- 3 |  4- 6 |  7- 9 | 10-12 | 13-15 | 16-18 | 19-21 | 22-24 || total
-------------------------+-------+-------+-------+-------+-------+-------+-------+-------++-------
Melee: Trident           |   100 |   148 |   505 |  1017 |   521 |       |       |       ||  2291
       Tailslap          |       |       |     3 |    21 |     1 |    17 |       |       ||    42
       Headbutt          |       |       |       |   208 |   234 |    98 |       |       ||   540
       Bardiche          |       |       |       |       |   669 |  1127 |  1348 |   139 ||  3283
Throw: Throwing net      |       |       |       |     6 |     4 |       |       |       ||    10
 Cast: Summon Lightning  |       |       |       |       |    28 |    55 |    11 |     1 ||    95
       Summon Demon      |       |       |       |       |    58 |    67 |    45 |     6 ||   176
       Summon Mana Viper |       |       |       |       |     7 |    34 |    17 |       ||    58
       Regeneration      |       |       |       |       |       |    31 |    16 |     5 ||    52
       Cause Fear        |       |       |       |       |       |     4 |     4 |       ||     8
       Summon Butterflie |       |       |       |       |       |     1 |       |       ||     1
       Silence           |       |       |       |       |       |       |     4 |       ||     4
       Blink             |       |       |       |       |       |       |     4 |       ||     4
       Deflect Missiles  |       |       |       |       |       |       |     1 |       ||     1
       Summon Hydra      |       |       |       |       |       |       |       |     6 ||     6
Invok: Curse Item        |       |     1 |       |     5 |     1 |     5 |       |       ||    12
       Scrying           |       |       |       |       |     1 |     2 |     2 |     1 ||     6
       Transfer Knowledg |       |       |       |       |       |       |     1 |       ||     1
       End Transfer Know |       |       |       |       |       |       |     1 |       ||     1
Evoke: Wand              |       |       |    12 |     9 |    14 |    25 |     9 |     1 ||    70
       Sack of spiders   |       |       |       |       |       |     1 |     1 |       ||     2
       Lamp of fire      |       |       |       |       |       |       |     2 |     1 ||     3
  Use: Potion            |       |     3 |     9 |     5 |     5 |    20 |     2 |     4 ||    48
       Scroll            |       |     1 |    14 |     4 |    10 |    16 |    10 |     3 ||    58
 Stab: Sleeping          |     3 |     1 |     4 |    19 |    52 |    30 |    37 |       ||   146
       Distracted        |       |       |       |     6 |    27 |    33 |    19 |     8 ||    93
       Confused          |       |       |       |     1 |     9 |     1 |       |       ||    11
       Held in net/web   |       |       |       |     2 |    11 |       |       |       ||    13
       Paralysed         |       |       |       |       |       |     3 |     2 |       ||     5
       Fleeing           |       |       |       |       |       |       |     2 |     1 ||     3
  Eat: Chunk             |     3 |     5 |    10 |    33 |    58 |    33 |    41 |     7 ||   190
       Royal jelly       |       |       |     1 |       |       |     4 |       |       ||     5
       Beef jerky        |       |       |     1 |     1 |       |     2 |     1 |       ||     5
       Fruit             |       |       |     1 |       |       |     6 |       |     1 ||     8
       Pizza             |       |       |       |       |       |     5 |       |       ||     5
       Bread ration      |       |       |       |       |       |     3 |       |       ||     3
Armor: Leather armour    |    13 |    13 |     6 |     9 |       |       |       |       ||    41
       Ring mail         |       |     7 |    61 |       |       |    77 |       |       ||   145
       Skin              |       |       |    50 |       |       |       |       |       ||    50
       Chain mail        |       |       |    37 |       |       |       |       |       ||    37
       Troll leather arm |       |       |       |    70 |   177 |    40 |       |       ||   287
       Quicksilver drago |       |       |       |       |       |       |   249 |    16 ||   265
Dodge: Dodged            |    39 |    77 |   283 |   570 |   820 |   915 |  1137 |    92 ||  3933
       Deflected         |       |       |       |       |       |       |    11 |     8 ||    19
Block: Other             |       |       |       |       |       |    99 |   180 |     9 ||   288
       Reflection        |       |       |       |       |       |    25 |    24 |     1 ||    50
